 Dungeon Crawl Stone Soup version 0.19-a0-1111-gcceb26a (webtiles) character file.

211 aronpayne the Skirmisher (level 6, 0/49 HPs)
             Began as a Formicid Fighter on Aug 10, 2016.
             Was an Initiate of Okawaru.
             Slain by a gnoll
             ... wielding a +0 halberd
              (8 damage)
             ... on level 4 of the Dungeon.
             The game lasted 00:12:58 (2845 turns).

aronpayne the Skirmisher (Formicid Fighter)         Turns: 2845, Time: 00:12:59

Health: 0/49       AC:  7    Str: 22    XL:     6   Next: 13%
Magic:  6/6        EV:  9    Int: 13    God:    Okawaru [......]
Gold:   86         SH:  9    Dex: 10    Spells: 0 memorised, 5 levels left

rFire  . . .     SeeInvis +     a - +0 long sword
rCold  + . .     Gourm    .     b - +0 scale mail
rNeg   . . .     Faith    .     c - +0 shield
rPois  .         Spirit   .     (helmet unavailable)
rElec  .         Dismiss  .     (no cloak)
rCorr  .         Reflect  .     (no gloves)
SustAt .         Harm     .     (no boots)
MR     .....                    (no amulet)
Stlth  ..........               p - ring of protection from cold
                                t - +5 ring of intelligence

@:
A: permanent stasis, dig shafts and tunnels, four strong arms, antennae 3
a: Dig, Shaft Self, Renounce Religion


You were on level 4 of the Dungeon.
You worshipped Okawaru.
Okawaru was noncommittal.
You were not hungry.

You visited 1 branch of the dungeon, and saw 4 of its levels.

You collected 86 gold pieces.

Inventory:

Hand Weapons
 a - a +0 long sword (weapon)
Armour
 b - a +0 scale mail (worn)
 c - a +0 shield (worn)
Jewellery
 n - an uncursed ring of flight
 p - a ring of protection from cold (right hand)
 t - a +5 ring of intelligence (left hand)
Wands
 h - a wand of acid (8/15)
 y - a wand of hasting (3/9)
Scrolls
 d - a scroll of noise {unknown}
 e - a scroll of random uselessness {unknown}
 j - a scroll of teleportation {unknown}
 m - 2 scrolls of enchant armour {unknown}
 r - 2 scrolls of identify {unknown}
 s - a scroll of immolation {unknown}
 w - a scroll of enchant weapon {unknown}
 B - a scroll of magic mapping {unknown}
Potions
 k - a potion of lignification {unknown}
 l - a potion of heal wounds {unknown}
 o - a potion of agility {unknown}
 q - a potion of curing {unknown}
 v - 2 potions of haste {unknown}
 x - a potion of degeneration {unknown}
 z - 2 potions of resistance {unknown}
Comestibles
 f - a bread ration
 g - 8 fruits
 i - 3 meat rations
 u - a slice of pizza
 A - a beef jerky
 C - a chunk of flesh


   Skills:
 * Level 4.5 Fighting
 + Level 2.8 Long Blades
 + Level 4.0 Armour
 + Level 1.6 Dodging
 + Level 2.4 Stealth
 + Level 4.3 Shields


You had 5 spell levels left.
You didn't know any spells.

Dungeon Overview and Level Annotations

Branches:
Dungeon (4/15)
 Temple: D:4-7

Altars:
Okawaru
Sif Muna
Trog
Zin

Annotations:
D:4 Grinder, Sigmund


Innate Abilities, Weirdness & Mutations

You are under a permanent stasis effect.
You can dig through walls and to a lower floor.
Your four strong arms can wield two-handed weapons with a shield.
You have a pair of large antennae on your head. (SInv)


Message History

You are too injured to fight recklessly!
You are too injured to fight recklessly!
You are too injured to fight recklessly!
You barely miss the gnoll. The gnoll barely misses you. x2
Sigmund hits you but does no damage. You block the gnoll's attack.
You hit the gnoll.
The gnoll is moderately wounded.
The gnoll barely misses you.
You riposte.
You hit the gnoll.
The gnoll is almost dead.
You block the gnoll's attack. Sigmund hits you but does no damage.
You barely miss the gnoll.
The gnoll is almost dead.
The gnoll hits you with a halberd.
* * * LOW HITPOINT WARNING * * *
The gnoll hits you but does no damage. Sigmund asks, "Do you like me?"
Sigmund casts a spell.
Sigmund flickers and vanishes for a moment.
The gnoll hits you with a halberd!
You die...

...####.############.##.
......................#.
...####.############..#.
...........# #..#.
..........######.# #..#.
.................> ####.
##.####.#..###.... .. #
#.#..## . #@#...##.#
##g......+ #@g#..#.#
#### #O.##.# # ..... {
#..# .# #.....######..#
.. .....O.)...#..# ..
#..?..##......# .# <####
#.....##


You could see Sigmund (invisible), an ogre and 2 gnolls.

Vanquished Creatures
  An orc priest (D:3)
  An iguana (D:3)
  A worker ant (D:4)
  A gnoll (D:4)
  5 adders
  4 worms
  2 dart slugs
  3 giant geckos
  3 orcs (D:3)
  5 bats
  4 giant cockroaches
  6 goblins
  7 hobgoblins
  2 jackals (D:3)
  2 kobolds
  6 giant newts
  9 rats
62 creatures vanquished.

Notes
Turn   | Place    | Note
-------+----------+-------------------------------------------
     0 | D:1      | aronpayne the Formicid Fighter began the quest for the Orb.
     0 | D:1      | Reached XP level 1. HP: 18/18 MP: 1/1
    87 | D:1      | Reached XP level 2. HP: 24/24 MP: 2/2
   347 | D:1      | Reached skill level 1 in Stealth
   650 | D:2      | Reached XP level 3. HP: 29/29 MP: 3/3
   677 | D:2      | Found a bloodstained altar of Trog.
  1375 | D:2      | Reached skill level 1 in Dodging
  1390 | D:2      | Found a deep blue altar of Sif Muna.
  1393 | D:2      | Found a glowing silver altar of Zin.
  1504 | D:2      | Reached XP level 4. HP: 37/37 MP: 4/4
  1881 | D:3      | Reached XP level 5. HP: 19/42 MP: 5/5
  2142 | D:3      | Found an iron altar of Okawaru.
  2165 | D:3      | Became a worshipper of Warmaster Okawaru
  2670 | D:4      | Reached XP level 6. HP: 34/49 MP: 6/6
  2818 | D:4      | Noticed Sigmund
  2821 | D:4      | Noticed Grinder
  2826 | D:4      | Noticed an ogre
  2845 | D:4      | Slain by a gnoll

Vault maps used:
D:1:      sevenhm_arrival_forest_fort_small_1, serial_bayou_crossing
D:2:      bloody_trog, minitemple
D:3:      okawaru_metal_pillars_3
D:4:      lemuel_zombie_altar_yredelemnul, uniq_crazy_yiuf_cottage,
          uniq_sigmund, uniq_grinder

Skill      XL: |  1  2  3  4  5 |
---------------+----------------+-----
Stealth        | 1 2 |  2.4
Dodging        | 1 |  1.6
Fighting       | 4 |  4.5
Shields        | 4 |  4.3
Armour         | 4 |  4.0
Long Blades    | |  2.8

Action                   |  1- 3 |  4- 6 || total
-------------------------+-------+-------++-------
Melee: Long sword        |    82 |   150 ||   232
 Abil: Dig               |       |     1 ||     1
  Use: Potion            |       |     1 ||     1
  Eat: Chunk             |     2 |     6 ||     8
Armor: Scale mail        |    32 |    44 ||    76
Dodge: Dodged            |    32 |    38 ||    70
Block: Shield            |    44 |    53 ||    97
